AoeStats
← Chaman_Pelmazo

Glade

510767626Analyzed
1v1 RM · 23h ago on Oct 2, 2026· 25m 26s· 2 players
Game mode
Random Map
Map size
Tiny (2 player)
Population
200
Speed
Normal
Resources
Standard
Victory
Conquest
Starting age
Dark Age
Ending age
Imperial Age
RankedLock teamsTeams togetherTeam positionsShared explorationLock speedFull tech treeHidden civsTurbo modeCheats
Victory
Defeat
🇪🇸 Portuguese · Spain
105
+22
🇨🇱 Chinese · Chile
245
-22
IlClasic_javiyo
6:00 Loom
14:26 Feudal Age
16:44 Double-Bit Axe
16:42 Horse Collar
21:38 Wheelbarrow
Chaman_Pelmazo
1:51 Loom
12:39 Feudal Age
15:04 Double-Bit Axe
15:02 Horse Collar
18:15 Wheelbarrow
23:02 Castle Age
25:54 Padded Archer Armor
26:06 Forging
25:56 Scale Mail Armor
Connection lost

Rejoining the realm…

Still unreachable

The connection could not be restored.

Session expired

The server has moved on; the page needs a fresh start.